 Dungeon Crawl Stone Soup version 0.28-a0-1524-ge72afd5fc6 (webtiles) character file.

Game seed: 6989460775882949196

30 innerfire433 the Charlatan (level 3, -4/26 HPs)
             Began as a Demonspawn Artificer on Jan 17, 2022.
             Was an Initiate of Ashenzari.
             Slain by a worm (8 damage)
             ... on level 2 of the Dungeon.
             The game lasted 00:04:05 (2224 turns).

innerfire433 the Charlatan (Demonspawn Artificer)   Turns: 2224, Time: 00:04:05

Health: -4/26      AC:  8    Str: 14    XL:     3   Next: 5%
Magic:  3/3        EV:  6    Int: 12    God:    Ashenzari [......]
Gold:   66         SH:  0    Dex: 13    Spells: 2/2 levels left

rFire   . . .      SeeInvis .   a - +0 club
rCold   . . .      Faith    .   (no shield)
rNeg    . . .      Spirit   .   f - +0 chain mail
rPois   .          Reflect  .   (no helmet)
rElec   .          Harm     .   (no cloak)
rCorr   .          Rampage  .   (no gloves)
Will    .....                   (no boots)
Stlth   ..........              (no amulet)
HPRegen 0.08/turn               (no ring)
MPRegen 0.08/turn               (no ring)

@: flying
A: powered by pain 1
a: Renounce Religion, Curse Item


You were on level 2 of the Dungeon.
You worshipped Ashenzari.
Ashenzari was noncommittal.
You visited 1 branch of the dungeon, and saw 2 of its levels.

You collected 66 gold pieces.

Inventory:

Hand Weapons
 a - a +0 club (weapon)
Armour
 b - a +0 leather armour
 f - a +0 chain mail (worn)
Wands
 c - a wand of flame (13) (quivered)
 d - a wand of charming (15)
Scrolls
 k - a scroll of enchant weapon {unknown}
 l - a scroll of teleportation {unknown}
Potions
 g - a potion of lignification {unknown}
 j - a potion of flight
 m - a potion of mutation {unknown}
Miscellaneous
 e - a piece from Xom's chessboard (15/15)


   Skills:
 + Level 1.3 Fighting
 + Level 1.0 Maces & Flails
 + Level 2.3 Armour
 - Level 0.9 Dodging
 - Level 0.8 Stealth
 + Level 3.4 Evocations


You had 2 spell levels left.
You didn't know any spells.
Your spell library contained the following spells:

 Spells                   Type           Power      Damage    Failure   Level
 Beastly Appendage        Tmut           0%         N/A       100%        1
 Wereblood                Tmut           0%         N/A       100%        2
 Spider Form              Tmut/Pois      0%         N/A       100%        3


Dungeon Overview and Level Annotations

Branches:
Dungeon (2/15)

Altars:
Ashenzari


Innate Abilities, Weirdness & Mutations

You sometimes gain a little power by taking damage.


Message History

The worm is severely wounded.
The worm bites you but does no damage.
You hit the worm.
The worm is severely wounded.
The worm bites you.
* * * LOW HITPOINT WARNING * * *
It was a potion of attraction.
You feel attractive to monsters. The worm is attracted toward you.
The worm is attracted toward you. The worm is attracted toward you.
The worm is attracted toward you. The worm is attracted toward you.
The worm is attracted toward you. The worm is attracted toward you.
The worm is attracted toward you. The worm is attracted toward you.
There is an open door here.
The worm is attracted toward you.
Aiming: Throw Flame
Press: ? - help, Shift-Dir - straight line, f - worm
Aim: a worm (90% to hit)
The puff of flame hits the worm!
The worm is heavily wounded.
The worm barely misses you.
Unknown command.
There's a creature in the doorway!
Aiming: Throw Flame
Press: ? - help, Shift-Dir - straight line, f/p - worm
Aim: a worm (heavily wounded, 90% to hit)
The puff of flame hits the worm.
The worm is severely wounded.
The worm bites you but does no damage.
You hit the worm.
The worm is severely wounded.
You feel less attractive to monsters.
You barely miss the worm.
The worm is severely wounded.
The worm bites you!
You die...

.....# #.##).#.# #.#
##...####...)...# #.#
........).....#.# ####.#####
##...#######.#.## #........#
###### ##...## #.##.###.# ..##
##.....## ####.##.###.# #..##
##...รท...###.........#.#
#...####.......<.##.#.....#.#.###
.......+........@w...............
#...####.........##.#...###.#.###
.#.## ##.......###.##..###.#.#
#..# ##.....## #.##........# ##.#
##...## #.###.###.### #.# ##+##
#.###.###.# #.# #.# #.........#
#.# #.# #####.#####
##.#########.#### #.#


You could see a worm.

Vanquished Creatures
  5 endoplasms
  3 goblins
  3 hobgoblins
  3 jackals (D:1)
  4 kobolds
  A quokka (D:2)
  2 ball pythons
  3 bats
  A frilled lizard (D:2)
  A rat (D:2)
26 creatures vanquished.

Notes
Turn   | Place    | Note
-------+----------+-------------------------------------------
     0 | D:1      | innerfire433 the Demonspawn Artificer began the quest for
                  | the Orb.
     0 | D:1      | Reached XP level 1. HP: 15/15 MP: 1/1
   621 | D:1      | Gained mutation: You sometimes gain a little power by
                  | taking damage. [demonic ancestry]
   621 | D:1      | Reached XP level 2. HP: 21/21 MP: 2/2
  1651 | D:2      | Found a faded altar of an unknown god.
  1697 | D:2      | Prayed at the altar of an unknown god.
  1697 | D:2      | Became a worshipper of Ashenzari the Shackled
  2156 | D:2      | Reached skill level 1 in Maces & Flails
  2156 | D:2      | Reached XP level 3. HP: 26/26 MP: 3/3
  2190 | D:2      | HP: 1/26 [worm (3)]
  2224 | D:2      | Slain by a worm

Illustrated notes

Levels and vault maps discovered:
D:1:      mrwooster_arrival_statue, layout_basic
D:2:      layout_loops_corners, shapermc_ecumenical_altar_pompeii,
          nrook_loot_triangle

Skill      XL: |  1  2 |
---------------+-------+-----
Armour         | 2 |  2.3
Maces & Flails | 1 |  1.0
Fighting       | |  1.3
Dodging        | |  0.9
Stealth        | |  0.8
Evocations     | |  3.4

Action                   || total
-------------------------++-------
Melee: Club              ||   127
Evoke: Wand              ||     2
  Use: Potion            ||     3
Armor: Leather armour    ||    11
       Chain mail        ||    60
Dodge: Dodged            ||    51

Table legend: (Time is in decaauts)
 A = Elapsed time spent in this place.
 B = Non-inter-level travel time spent in this place.
 C = Inter-level travel time spent in this place.
 D = Time resting spent in this place.
 E = Time spent auto-exploring this place.
 F = Levels seen in this place.
 G = Mean time per level.
                   A        B        C        D        E       F      G
               +--------+--------+--------+--------+--------+-----+--------+
         Total |   2258 |   2141 |    117 |      0 |   1843 |   2 | 1129.0 |
       Dungeon |   2258 |   2141 |    117 |      0 |   1843 |   2 | 1129.0 |
               +--------+--------+--------+--------+--------+-----+--------+

Top non-repeatable levels by time:
     D:1: 1175 daAuts
     D:2: 1083 daAuts
